 Dungeon Crawl Stone Soup version 0.31-a0-204-g7da18cac08 (webtiles) character file.

Game seed: 10656484502539658465

2110 qw the Skirmisher (level 9, -5/50 HPs)
             Began as a Deep Elf Hunter on June 27, 2023.
             Was an Initiate of Okawaru.
             Slain by a cyan ugly thing (15 damage)
             ... on level 8 of the Dungeon.
             The game lasted 00:02:01 (4985 turns).

qw the Skirmisher (Deep Elf Hunter)                 Turns: 4985, Time: 00:02:01

Health: -5/50      AC: 15    Str: 14    XL:     9   Next: 7%
Magic:  10/12      EV: 18    Int: 15    God:    Okawaru [......]
Gold:   184        SH:  0    Dex: 22    Spells: 8/8 levels left

rFire   . . .        Y - +3 orcbow
rCold   . . .        (shield currently unavailable)
rNeg    . . .        c - +1 ring mail {rPois}
rPois   +            (no helmet)
rElec   .            n - +0 cloak
rCorr   .            m - +2 pair of gloves
SInv    .            (no boots)
Will    .....        (no amulet)
Stlth   +++          e - +6 ring of strength
HPRegen 0.28/turn    o - +4 ring of protection
MPRegen 0.13/turn

%: no passive effects
@: heroic
A: no striking features
a: Renounce Religion


You were on level 8 of the Dungeon.
You worshipped Okawaru.
Okawaru was noncommittal.
You visited 2 branches of the dungeon, and saw 9 of its levels.

You collected 389 gold pieces.
You spent 205 gold pieces at shops.


   Skills:
 - Level 3.1(8.1) Fighting
 - Level 14.1(19.1) Ranged Weapons
 - Level 1.1(6.1) Armour
 + Level 5.5(10.5) Dodging
 - Level 1.2(6.2) Stealth
 - Level 2.3 Invocations


You had 8 spell levels left.
You didn't know any spells.
Your spell library was empty.

Inventory:

Hand Weapons
 b - the +3 hand crossbow "Gyifekom" {antimagic, rN++ Str+2 Int-3}
   (You acquired it on level 2 of the Dungeon)

   Str:       It affects your strength (+2).
   Int:       It affects your intelligence (-3).
   rN:        It greatly protects you from negative energy.
 Y - a +3 orcbow (weapon)
Armour
 c - a +1 ring mail of poison resistance (worn)
 m - a +2 pair of gloves (worn)
 n - a +0 cloak (worn)
Jewellery
 e - a +6 ring of strength (left hand)
 f - a ring of poison resistance
 o - a +4 ring of protection (right hand)
Scrolls
 a - a scroll of identify
 g - a scroll of poison {unknown}
 p - 2 scrolls of teleportation
Potions
 d - 3 potions of mutation
 h - a potion of cancellation
 i - 2 potions of curing
 j - a potion of enlightenment
 k - a potion of resistance
 l - a potion of might
 q - a potion of degeneration {unknown}
 r - a potion of attraction {unknown}

Dungeon Overview and Level Annotations

Branches:
Dungeon (8/15)             Temple (1/1) D:6
   Lair: D:8-11

Altars:
Ashenzari
Cheibriados
Elyvilon
Fedhas
Gozag
Hepliaklqana
Kikubaaqudgha
Makhleb
Nemelex Xobeh
Okawaru
Qazlal
Ru
Sif Muna
Uskayaw
Vehumet
Xom
Yredelemnul
Zin
The Shining One

Shops:
D:5 *[


Message History

Okawaru accepts your kill. The killer bee misses you.
The killer bee barely misses you.
Your Invocations skill increases to level 2!
You shoot an arrow.
The arrow barely misses the cyan ugly thing.
The arrow hits the killer bee.
The killer bee is moderately wounded.
The killer bee barely misses you. The killer bee misses you.
The killer bee closely misses you.
You shoot an arrow. The arrow hits the killer bee!
The killer bee is almost dead.
The killer bee barely misses you. x2
The cyan ugly thing headbutts you but does no damage.
You shoot an arrow. The arrow hits the killer bee!
You kill the killer bee!
Okawaru accepts your kill. The killer bee closely misses you.
The killer bee misses you.
The cyan ugly thing headbutts you but does no damage.
You shoot an arrow. The arrow hits the cyan ugly thing!
The cyan ugly thing is moderately wounded.
The killer bee stings you but does no damage. x2
The cyan ugly thing headbutts you but does no damage.
You shoot an arrow.
The arrow barely misses the cyan ugly thing.
The killer bee stings you but does no damage.
The killer bee barely misses you.
You shoot an arrow. The arrow hits the cyan ugly thing!
The cyan ugly thing is heavily wounded.
The killer bee stings you but does no damage.
The cyan ugly thing headbutts you! The cyan ugly thing shocks you!
The killer bee stings you.
4984 ||| INVOKING Heroism.
You gain the combat prowess of a mighty hero.
You can no longer gain great but temporary skills.
The killer bee barely misses you. The cyan ugly thing misses you.
The killer bee closely misses you.
You shoot an arrow. The arrow hits the cyan ugly thing!!
The cyan ugly thing is almost dead.
The cyan ugly thing headbutts you! The cyan ugly thing shocks you!
You die...

#...##.)##...##..##
# #..##+####...#
#... #)...# #....
#...##
##########...#
###.###..##..##
.........##+#.#
......%u......#
######@y.....#
#..##...#
.....###### .......
#.##..## ## ####


You could see a cyan ugly thing and a killer bee.

Vanquished Creatures
  A steam dragon (D:6)
  3 orc warriors
  3 ice beasts
  2 black bears (D:6)
  A sky beast (D:7)
  An ogre (D:3)
  A centaur (D:8)
  A scorpion (D:5)
  4 killer bees (D:8)
  2 hounds
  2 jellies
  2 orc priests (D:8)
  Natasha (thrice) (D:3)
  2 sleepcaps
  4 iguanas
  5 orc wizards
  10 adders
  3 shadow imps
  2 ufetubi
  A worm (D:2)
  3 dart slugs
  20 orcs
  2 ball pythons
  5 endoplasms
  2 giant cockroaches (D:1)
  4 goblins
  9 hobgoblins
  3 jackals (D:1)
  8 quokkas
  3 bats
  4 frilled lizards
  7 kobolds
  5 rats
128 creatures vanquished.

Vanquished Creatures (others)
  An orc (D:7)
1 creature vanquished.

Grand Total: 129 creatures vanquished

Notes
Turn   | Place    | Note
-------+----------+-------------------------------------------
     0 | D:1      | qw the Deep Elf Hunter began the quest for the Orb.
     0 | D:1      | Reached XP level 1. HP: 12/12 MP: 3/3
     0 | D:1      | 0 ||| qw: Version: 0.3-a-22-g0ed2b0b
     0 | D:1      | 0 ||| qw: Game counter: 6386
     0 | D:1      | 0 ||| qw: Melee chars always use a shield: true
     0 | D:1      | 0 ||| qw: God list: Okawaru
     0 | D:1      | 0 ||| qw: Allow faded altars: false
     0 | D:1      | 0 ||| qw: Do Orc after clearing Dungeon:15 true
     0 | D:1      | 0 ||| qw: Do second Lair branch before Depths: true
     0 | D:1      | 0 ||| qw: Lair rune preference: random
     0 | D:1      | 0 ||| qw: Goals: Normal
     0 | D:1      | 0 ||| PLANNING D:1-11
   141 | D:1      | Reached XP level 2. HP: 16/16 MP: 4/4
   164 | D:1      | Reached skill level 6 in Ranged Weapons
   746 | D:1      | 746 ||| UPGRADING to +0 ring mail.
   756 | D:1      | 756 ||| DROPPING +0 leather armour.
   757 | D:1      | 757 ||| UPGRADING to +6 ring of strength.
   758 | D:1      | 758 ||| UPGRADING to ring of poison resistance.
   759 | D:1      | 759 ||| READING 3 scrolls labelled UCABIT CATIZY.
   760 | D:1      | 760 ||| DRINKING 2 emerald potions.
   761 | D:1      | 761 ||| READING 2 scrolls of identify.
   761 | D:1      | 761 ||| IDENTIFYING murky golden potion
   762 | D:1      | 762 ||| DROPPING scroll of butterflies.
   848 | D:2      | Reached XP level 3. HP: 20/20 MP: 5/5
   966 | D:2      | Reached skill level 7 in Ranged Weapons
  1003 | D:2      | 1003 ||| READING scroll labelled OXTIOBISOU.
  1003 | D:2      | Identified a scroll of acquirement
  1003 | D:2      | 1003 ||| ACQUIRING +3 hand crossbow "Gyifekom" {antimagic,
                  | rN++ Str+2 Int-3}
  1003 | D:2      | Acquired the +3 hand crossbow "Gyifekom" {antimagic, rN++
                  | Str+2 Int-3}
  1005 | D:2      | 1005 ||| SWAPPING to +3 hand crossbow "Gyifekom"
                  | {antimagic, rN++ Str+2 Int-3}.
  1006 | D:2      | 1006 ||| DROPPING +0 shortbow.
  1007 | D:2      | 1007 ||| READING scroll labelled ONOETU SUOMIS.
  1008 | D:2      | 1008 ||| READING scroll labelled HAENWUO DORGH.
  1030 | D:3      | Identified the +1 robe of Waikin {rPois}
  1044 | D:3      | 1044 ||| UPGRADING to +1 ring mail of poison resistance.
  1054 | D:3      | 1054 ||| REMOVING ring of poison resistance.
  1055 | D:3      | 1055 ||| DROPPING +0 ring mail.
  1056 | D:3      | 1056 ||| DROPPING +1 robe of Waikin {rPois}.
  1060 | D:3      | 1060 ||| FLEEEEING.
  1061 | D:3      | 1061 ||| FLEEEEING.
  1062 | D:3      | 1062 ||| FLEEEEING.
  1063 | D:3      | 1063 ||| FLEEEEING.
  1064 | D:3      | 1064 ||| FLEEEEING.
  1065 | D:3      | 1065 ||| FLEEEEING.
  1066 | D:3      | 1066 ||| FLEEEEING.
  1067 | D:3      | 1067 ||| FLEEEEING.
  1068 | D:3      | 1068 ||| FLEEEEING.
  1069 | D:3      | 1069 ||| FLEEEEING.
  1070 | D:3      | 1070 ||| FLEEEEING.
  1071 | D:3      | 1071 ||| FLEEEEING.
  1076 | D:3      | 1076 ||| STAIRDANCE
  1080 | D:3      | 1080 ||| STAIRDANCE
  1084 | D:3      | 1084 ||| STAIRDANCE
  1088 | D:3      | 1088 ||| STAIRDANCE
  1098 | D:3      | 1098 ||| STAIRDANCE
  1102 | D:3      | 1102 ||| STAIRDANCE
  1106 | D:3      | 1106 ||| STAIRDANCE
  1110 | D:3      | 1110 ||| STAIRDANCE
  1114 | D:3      | 1114 ||| STAIRDANCE
  1118 | D:3      | 1118 ||| STAIRDANCE
  1122 | D:3      | 1122 ||| STAIRDANCE
  1126 | D:3      | 1126 ||| STAIRDANCE
  1130 | D:3      | 1130 ||| STAIRDANCE
  1134 | D:3      | 1134 ||| STAIRDANCE
  1138 | D:3      | 1138 ||| STAIRDANCE
  1142 | D:3      | 1142 ||| STAIRDANCE
  1146 | D:3      | 1146 ||| STAIRDANCE
  1150 | D:3      | 1150 ||| STAIRDANCE
  1154 | D:3      | 1154 ||| STAIRDANCE
  1158 | D:3      | 1158 ||| STAIRDANCE
  1175 | D:3      | 1175 ||| FLEEEEING.
  1176 | D:3      | 1176 ||| FLEEEEING.
  1176 | D:3      | Noticed Natasha
  1177 | D:3      | 1177 ||| FLEEEEING.
  1178 | D:3      | 1178 ||| FLEEEEING.
  1179 | D:3      | 1179 ||| FLEEEEING.
  1180 | D:3      | 1180 ||| FLEEEEING.
  1181 | D:3      | 1181 ||| FLEEEEING.
  1182 | D:3      | 1182 ||| FLEEEEING.
  1183 | D:3      | 1183 ||| FLEEEEING.
  1184 | D:3      | 1184 ||| FLEEEEING.
  1185 | D:3      | 1185 ||| FLEEEEING.
  1186 | D:3      | 1186 ||| FLEEEEING.
  1187 | D:3      | 1187 ||| FLEEEEING.
  1188 | D:3      | 1188 ||| FLEEEEING.
  1189 | D:3      | 1189 ||| FLEEEEING.
  1190 | D:3      | 1190 ||| FLEEEEING.
  1191 | D:3      | 1191 ||| FLEEEEING.
  1194 | D:3      | HP: 5/20 [Natasha (5)]
  1195 | D:3      | HP: 1/20 [Natasha (4)]
  1196 | D:3      | Killed Natasha
  1197 | D:3      | Reached XP level 4. HP: 2/25 MP: 2/6
  1233 | D:3      | Noticed Natasha
  1239 | D:3      | HP: 5/25 [Natasha (6)]
  1241 | D:3      | Killed Natasha
  1337 | D:3      | Noticed Natasha
  1338 | D:3      | 1338 ||| FLEEEEING.
  1339 | D:3      | 1339 ||| FLEEEEING.
  1340 | D:3      | 1340 ||| FLEEEEING.
  1341 | D:3      | 1341 ||| FLEEEEING.
  1342 | D:3      | 1342 ||| FLEEEEING.
  1343 | D:3      | 1343 ||| FLEEEEING.
  1344 | D:3      | 1344 ||| FLEEEEING.
  1345 | D:3      | 1345 ||| FLEEEEING.
  1347 | D:3      | 1347 ||| Stepping ~*~*~tactically~*~*~ (outnumbered).
  1353 | D:3      | Killed Natasha
  1354 | D:3      | Reached skill level 8 in Ranged Weapons
  1423 | D:2      | Reached XP level 5. HP: 29/29 MP: 2/7
  1581 | D:2      | 1581 ||| READING scroll labelled UTWIOTAFEQU.
  1582 | D:2      | 1582 ||| READING 2 scrolls of identify.
  1582 | D:2      | 1582 ||| IDENTIFYING purple potion
  1685 | D:3      | Found a faded altar of an unknown god.
  1687 | D:3      | Noticed an ogre
  1689 | D:3      | Killed an ogre
  1690 | D:3      | Reached skill level 9 in Ranged Weapons
  1712 | D:3      | Reached skill level 3 in Dodging
  1712 | D:3      | Reached XP level 6. HP: 34/34 MP: 2/8
  1902 | D:3      | 1902 ||| UPGRADING to +1 pair of gloves.
  1907 | D:3      | 1907 ||| READING scroll labelled FILUD BOEGIZ.
  2239 | D:4      | Found a basalt altar of Yredelemnul.
  2435 | D:4      | 2435 ||| UPGRADING to +0 cloak.
  2440 | D:4      | 2440 ||| UPGRADING to +4 ring of protection.
  2441 | D:4      | 2441 ||| READING scroll labelled HUF UBEWEC.
  2454 | D:5      | Entered Level 5 of the Dungeon
  2476 | D:5      | Reached skill level 1 in Armour
  2513 | D:5      | Found Utesoedd's Assorted Antiques.
  2517 | D:5      | 2517 ||| BUYING dark potion (23 gold).
  2517 | D:5      | Bought a dark potion for 23 gold pieces
  2517 | D:5      | 2517 ||| BUYING dented ruby amulet (130 gold).
  2517 | D:5      | Bought a dented ruby amulet for 130 gold pieces
  2517 | D:5      | 2517 ||| SHOPLISTING potion of mutation (208 gold, have
                  | 63).
  2517 | D:5      | 2517 ||| BUYING scroll labelled SYAMEUD EMANIT (26 gold).
  2517 | D:5      | Bought a scroll labelled SYAMEUD EMANIT for 26 gold pieces
  2517 | D:5      | 2517 ||| BUYING scroll labelled VIDGHO YTSAC (26 gold).
  2517 | D:5      | Bought a scroll labelled VIDGHO YTSAC for 26 gold pieces
  2615 | D:5      | Found Xeum Icw's Armour Emporium.
  2622 | D:5      | 2622 ||| SHOPLISTING +2 swamp dragon scales (930 gold, have
                  | 22).
  2746 | D:5      | Reached skill level 10 in Ranged Weapons
  2789 | D:5      | Reached XP level 7. HP: 40/40 MP: 3/9
  3022 | D:5      | 3022 ||| DROPPING amulet of magic regeneration.
  3023 | D:5      | 3023 ||| READING 2 scrolls labelled VIDGHO YTSAC.
  3028 | D:5      | 3028 ||| READING 4 scrolls labelled SYAMEUD EMANIT.
  3029 | D:5      | 3029 ||| READING scroll labelled CIRERPHAFRO.
  3104 | D:6      | Reached skill level 11 in Ranged Weapons
  3433 | D:6      | Found a staircase to the Ecumenical Temple.
  3434 | D:6      | 3434 ||| PLANNING TEMPLE
  3434 | D:6      | 3434 ||| READING 3 scrolls of identify.
  3434 | D:6      | 3434 ||| IDENTIFYING cyan potion
  3435 | D:6      | 3435 ||| READING 2 scrolls of identify.
  3435 | D:6      | 3435 ||| IDENTIFYING sedimented amethyst potion
  3444 | Temple   | Entered the Ecumenical Temple
  3591 | Temple   | 3591 ||| PLANNING OKAWARU WORSHIP
  3633 | Temple   | Became a worshipper of Warmaster Okawaru
  3634 | Temple   | 3634 ||| PLANNING D:1-11
  3699 | D:6      | Noticed a steam dragon
  3703 | D:6      | Killed a steam dragon
  3704 | D:6      | Reached skill level 12 in Ranged Weapons
  3704 | D:6      | Reached XP level 8. HP: 28/44 MP: 3/10
  3705 | D:6      | 3705 ||| Stepping ~*~*~tactically~*~*~ (cloud).
  3976 | D:6      | Found a glowing silver altar of Zin.
  4007 | D:6      | Found a shimmering blue altar of Sif Muna.
  4013 | D:6      | Reached skill level 3 in Fighting
  4021 | D:6      | 4021 ||| READING scroll labelled LAUGHORIDAN.
  4022 | D:6      | 4022 ||| DRINKING 2 metallic sapphire potions.
  4023 | D:6      | 4023 ||| READING 2 scrolls of identify.
  4023 | D:6      | 4023 ||| IDENTIFYING viscous blue potion
  4122 | D:7      | 4122 ||| READING scroll of enchant armour.
  4122 | D:7      | 4122 ||| ENCHANTING +1 pair of gloves.
  4169 | D:7      | Found an ancient bone altar of Kikubaaqudgha.
  4250 | D:7      | Reached * piety under Okawaru
  4251 | D:7      | Reached skill level 13 in Ranged Weapons
  4355 | D:7      | 4355 ||| SWAPPING to +0 orcbow.
  4414 | D:7      | 4414 ||| READING 3 scrolls of enchant weapon.
  4414 | D:7      | 4414 ||| ENCHANTING +0 orcbow.
  4415 | D:7      | 4415 ||| READING 2 scrolls of enchant weapon.
  4415 | D:7      | 4415 ||| ENCHANTING +1 orcbow.
  4416 | D:7      | 4416 ||| READING scroll of enchant weapon.
  4416 | D:7      | 4416 ||| ENCHANTING +2 orcbow.
  4546 | D:7      | Reached skill level 1 in Invocations
  4702 | D:7      | 4702 ||| READING scroll labelled DIMOXT RERA.
  4723 | D:8      | 4723 ||| INVOKING Heroism.
  4734 | D:8      | 4734 ||| STAIRDANCE
  4741 | D:7      | 4741 ||| INVOKING Heroism.
  4746 | D:7      | HP: 10/46 [orc wizard/magic dart (5)]
  4747 | D:7      | 4747 ||| READING 3 scrolls of teleportation.
  4748 | D:7      | 4748 ||| DRINKING potion of heal wounds.
  4821 | D:8      | 4821 ||| INVOKING Heroism.
  4930 | D:8      | 4930 ||| Stepping ~*~*~tactically~*~*~ (outnumbered).
  4933 | D:8      | Reached skill level 14 in Ranged Weapons
  4969 | D:8      | Noticed a cyan ugly thing
  4971 | D:8      | Reached XP level 9. HP: 50/50 MP: 12/12
  4984 | D:8      | 4984 ||| INVOKING Heroism.
  4985 | D:8      | HP: 10/50 [cyan ugly thing (9)]
  4985 | D:8      | Slain by a cyan ugly thing

Levels and vault maps discovered:
D:1:      scummos_arrival_hexagon, layout_basic
D:2:      minmay_diamond_boxcup, layout_rooms
D:3:      layout_rooms, shapermc_ecumenical_altar_starsandcircs, uniq_natasha
D:4:      layout_rooms, lemuel_tele_altar
D:5:      layout_cave_pools, serial_shops, nicolae_diamond_shop,
          nicolae_shop_pleasant_corner_grove, chequers_jeans,
          chequers_serial_rivers_micro_b
D:6:      layout_loops_ring, mainiacjoe_overflow_two_lobes,
          minmay_temple_entry_trees
D:7:      layout_rooms, general_overflow_altar
D:8:      layout_gridville
Temple:   regret_index_temple_generic_petals

Skill      XL: |  1  2  3  4  5  6  7  8  9 |
---------------+----------------------------+-----
Ranged Weapons | 6 7 8 9 10 12 14 | 14.1
Dodging        | 3 4 5 |  5.5
Fighting       | 2 3 |  3.1
Armour         | 1 |  1.1
Invocations    | 1 2 |  2.3
Stealth        | |  1.2

Action                     |  1- 3 |  4- 6 |  7- 9 || total
---------------------------+-------+-------+-------++-------
   Fire: Shortbow          |    58 |       |       ||    58
         Hand crossbow     |    10 |   102 |    84 ||   196
         Orcbow            |       |       |    74 ||    74
 Invoke: Heroism           |       |       |     4 ||     4
    Use: Scroll            |     5 |     4 |    13 ||    22
         Potion            |     1 |       |     2 ||     3
 Armour: Leather armour    |     1 |       |       ||     1
         Ring mail         |     4 |    10 |    53 ||    67
  Dodge: Dodged            |    11 |    20 |    97 ||   128

Table legend:
 A = Non-vault XP
 B = Vault XP
 C = Vault XP percentage of total XP
 D = Non-vault monster count
 E = Vault monster count
 F = Vault count percentage of total count
                 A         B        C        D         E       F
            +---------+---------+-------+---------+---------+-------
      Total |    2938 |      77 |   2.6 |     119 |       9 |   7.0
            +---------+---------+-------+---------+---------+-------
        D:1 |      30 |       0 |   0.0 |      19 |       0 |   0.0
        D:2 |      49 |      40 |  44.9 |      13 |       8 |  38.1
        D:3 |     270 |      37 |  12.1 |      24 |       1 |   4.0
        D:4 |      73 |       0 |   0.0 |       9 |       0 |   0.0
        D:5 |     264 |       0 |   0.0 |       9 |       0 |   0.0
        D:6 |     941 |       0 |   0.0 |      20 |       0 |   0.0
        D:7 |     657 |       0 |   0.0 |      14 |       0 |   0.0
        D:8 |     654 |       0 |   0.0 |      11 |       0 |   0.0
            +---------+---------+-------+---------+---------+-------
